 Dungeon Crawl Stone Soup version 0.27.1-34-g3ba077fa99 (webtiles) character file.

Game seed: 2653635844816224293

817 vvl the Poker (level 7, -3/55 HPs)
             Began as a Merfolk Fighter on Jan 21, 2022.
             Slain by a gnoll (4 damage)
             ... on level 5 of the Dungeon.
             The game lasted 00:08:38 (4796 turns).

vvl the Poker (Merfolk Fighter)                     Turns: 4796, Time: 00:08:41

Health: -3/55      AC: 13    Str: 19    XL:     7   Next: 94%
Magic:  10/10      EV:  4    Int:  7    God:
Gold:   226        SH:  0    Dex: 13    Spells: 10/10 levels left

rFire    . . .     SeeInvis .   a - +0 trident
rCold    . . .     Faith    .   c - +0 kite shield
rNeg     . . .     Spirit   .   b - +0 scale mail
rPois    .         Reflect  .   o - +2 helmet
rElec    .         Harm     .   (no cloak)
rCorr    .         Rampage  .   q - +1 pair of gloves
Will     .....                  s - +0 pair of boots
Stlth    ..........             (no amulet)
HPRegen  0.18/turn              (no ring)
MPRegen  0.12/turn              (no ring)

@: held
A: (nimble swimmer 2), mertail
a: no special abilities


You were on level 5 of the Dungeon.
You visited 1 branch of the dungeon, and saw 5 of its levels.

You collected 226 gold pieces.

Inventory:

Hand Weapons
 a - a +0 trident (weapon)
Armour
 b - a +0 scale mail (worn)
 c - a +0 kite shield (worn)
 o - a +2 helmet (worn)
 q - a +1 pair of gloves (worn)
 s - a +0 pair of boots (worn)
Magical Staves
 g - a staff of cold
 p - a staff of fire
Jewellery
 t - an amulet of faith
Wands
 x - a wand of charming (8)
Scrolls
 e - a scroll of vulnerability {unknown}
 f - 6 scrolls of identify {unknown}
 i - a scroll of fog {unknown}
 j - 2 scrolls of amnesia {unknown}
 l - a scroll of blinking {unknown}
 n - a scroll of enchant armour {unknown}
 u - a scroll of teleportation {unknown}
 w - a scroll of immolation {unknown}
Potions
 d - 3 potions of might
 h - 2 potions of berserk rage {unknown}
 k - 2 potions of flight {unknown}
 m - 2 potions of invisibility {unknown}
 r - a potion of haste {unknown}
 v - a potion of degeneration {unknown}


   Skills:
 + Level 4.5 Fighting
 * Level 6.9 Polearms
 + Level 3.1 Armour
 + Level 3.5 Dodging
 - Level 4.0 Shields
 + Level 2.4 Spellcasting
 + Level 3.0 Transmutations
 + Level 1.6 Earth Magic


You had 10 spell levels left.
You didn't know any spells.
Your spell library contained the following spells:

 Spells                   Type           Power      Damage    Failure   Level
 Ensorcelled Hibernation  Hex/Ice        0%         N/A       100%        2
 Ignite Poison            Fire/Tmut/Pois 2%         N/A       100%        3
 Mephitic Cloud           Conj/Pois/Air  0%         N/A       100%        3
 Bolt of Magma            Conj/Fire/Erth 0%         4d4       100%        5


Dungeon Overview and Level Annotations

Branches:
Dungeon (5/15)
 Temple: D:4-7

Altars:

Shops:
D:1 *


Innate Abilities, Weirdness & Mutations

((You are quick and stealthy near water. (Stealth+, EV+, Speed+++)))
Your lower body shifts to a powerful aquatic tail in water.


Message History

You block the gnoll sergeant's attack.
You barely miss the gnoll. You block the gnoll's attack.
The gnoll hits you with a +0 flail!
The gnoll sergeant hits you but does no damage.
You closely miss the gnoll. The gnoll hits you but does no damage.
You block the gnoll's attack.
The gnoll sergeant completely misses you.
You block the gnoll's attack.
You barely miss the gnoll. The gnoll hits you with a +0 flail!
The gnoll sergeant hits you from afar with a +2 spear of flaming.
The gnoll sergeant burns you. The gnoll hits you with a +0 whip.
* * * LOW HITPOINT WARNING * * *
You are too injured to fight recklessly!
You are too injured to fight recklessly!
The gnoll throws a throwing net.
The throwing net hits you.
You become entangled in the net!
You see here a throwing net.
You tear a large gash into the net.
You shred the net and break free!
The gnoll sergeant hits you from afar with a +2 spear of flaming!
* * * LOW HITPOINT WARNING * * *
The gnoll sergeant burns you.
* * * LOW HITPOINT WARNING * * *
Found a glowing dagger.
The gnoll throws a throwing net.
The throwing net hits you.
You become entangled in the net!
You see here a throwing net.
You struggle against the net.
The gnoll sergeant hits you from afar with a +2 spear of flaming.
* * * LOW HITPOINT WARNING * * *
The gnoll sergeant burns you.
* * * LOW HITPOINT WARNING * * *
You struggle against the net.
The gnoll sergeant hits you but does no damage.
You struggle against the net.
The gnoll sergeant hits you from afar with a +2 spear of flaming.
* * * LOW HITPOINT WARNING * * *
The gnoll sergeant burns you.
* * * LOW HITPOINT WARNING * * *
The gnoll hits you with a +0 flail.
You die...

.)###....## ...........# ##8##
#................#############.
.#..................#...........
.......................#..#.... .
##.............#...(...#......#
..#.................#.....#.....#
............#...@.÷##.....#...#
...........##...g..##.........##
#....))....#.gg...............#
...............(...#..#..#.<...#
#.................##..##.##....#
#...............#.....##....####
.#...#.#.).#..###....###....#####
##..#.###..#.#......# #.....##..
###... .).........#####...†#...


You could see a gnoll sergeant and 2 gnolls.

Vanquished Creatures
  3 black bears (D:4)
  A centaur (D:5)
  A bullfrog (D:5)
  An orc priest (D:4)
  A hound (D:5)
  3 iguanas
  Jessica (D:3)
  An orc wizard (D:4)
  2 adders
  5 gnolls (D:5)
  A howler monkey skeleton (D:5)
  5 worms
  3 dart slugs
  6 orcs
  8 ball pythons
  7 endoplasms
  7 giant cockroaches
  8 goblins
  10 hobgoblins
  5 jackals
  9 quokkas
  11 bats
  3 frilled lizards
  9 kobolds
  5 rats
116 creatures vanquished.

Vanquished Creatures (others)
  7 plants (D:1)
7 creatures vanquished.

Grand Total: 123 creatures vanquished

Notes
Turn   | Place    | Note
-------+----------+-------------------------------------------
     0 | D:1      | vvl the Merfolk Fighter began the quest for the Orb.
     0 | D:1      | Reached XP level 1. HP: 18/18 MP: 1/1
   148 | D:1      | Reached XP level 2. HP: 24/24 MP: 2/2
   406 | D:1      | Found Ocuam's Assorted Antiques.
   562 | D:1      | Reached XP level 3. HP: 29/29 MP: 3/3
   587 | D:1      | Reached skill level 1 in Dodging
   806 | D:1      | Reached skill level 4 in Polearms
  1132 | D:1      | Found a faded altar of an unknown god.
  1487 | D:2      | Reached skill level 1 in Spellcasting
  1547 | D:2      | Reached XP level 4. HP: 37/37 MP: 5/5
  2710 | D:3      | Reached XP level 5. HP: 42/42 MP: 6/6
  2953 | D:3      | Noticed Jessica
  2956 | D:3      | Killed Jessica
  2968 | D:3      | Got Jessica's Handbook of the Oath
  3204 | D:4      | Noticed a black bear
  3213 | D:4      | Killed a black bear
  3214 | D:4      | Reached skill level 5 in Polearms
  3214 | D:4      | Reached skill level 1 in Transmutations
  3214 | D:4      | Reached XP level 6. HP: 41/48 MP: 8/8
  3523 | D:4      | Noticed a black bear
  3531 | D:4      | Killed a black bear
  3532 | D:4      | Reached skill level 1 in Earth Magic
  3532 | D:4      | Reached XP level 7. HP: 37/54 MP: 9/9
  3786 | D:4      | Reached skill level 6 in Polearms
  4338 | D:5      | Entered Level 5 of the Dungeon
  4796 | D:5      | HP: 2/55 [gnoll sergeant (2)]
  4796 | D:5      | Slain by a gnoll

Illustrated notes

Levels and vault maps discovered:
D:1:      co_arrival_square_in_a_square_in_a_square, layout_basic, serial_shops,
          nicolae_square_shop, dilly_ecumenical_altar_fadedgnrine, st_stairs_4,
          chequers_serial_rivers_large_b, minmay_pentomino_u2
D:2:      layout_loops_ring, nrook_uturn, minivault_11
D:3:      layout_basic, kennysheep_jessica_study
D:4:      layout_gridville, minmay_bisected
D:5:      layout_cave_pools, tso_metal_star, lemuel_coloured_pillars_altar,
          nicolae_overflow_hidden_temple, hangedman_abyss_or_decor_stabs

Skill      XL: |  1  2  3  4  5  6  7 |
---------------+----------------------+-----
Dodging        | 1 2 3 |  3.5
Polearms       | 4 5 6 |  6.9
Spellcasting   | 1 2 |  2.4
Fighting       | 4 |  4.5
Transmutations | 1 2 3 |  3.0
Earth Magic    | 1 |  1.6
Shields        | 4 |  4.0
Armour         | 3 |  3.1

Action                   |  1- 3 |  4- 6 |  7- 9 || total
-------------------------+-------+-------+-------++-------
Melee: Trident           |   151 |   193 |   124 ||   468
Armor: Scale mail        |    59 |   108 |    65 ||   232
Dodge: Dodged            |    41 |    63 |    42 ||   146
Block: Kite shield       |    70 |    81 |    77 ||   228
